 Dungeon Crawl Stone Soup version 0.30-a0-953-g5f1da4a474 (webtiles) character file.

Game seed: 5440256009756836567

5438 Dittersdorf the Blocker (level 10, -9/66 HPs)
             Began as a Gargoyle Fighter on Mar 27, 2023.
             Was a Priest of Okawaru.
             Mangled by a bog body (13 damage)
             ... summoned by a worldbinder
             ... on level 1 of the Abyss on Mar 28, 2023.
             The game lasted 00:16:05 (8778 turns).

Dittersdorf the Blocker (Gargoyle Fighter)          Turns: 8778, Time: 00:16:06

Health: -9/66      AC: 26    Str: 25    XL:     10   Next: 68%
Magic:  10/10      EV:  9    Int: 14    God:    Okawaru [***...]
Gold:   501        SH:  6    Dex:  9    Spells: 9/9 levels left

rFire   + + .      SeeInvis .    t - +2 flail (vamp)
rCold   + . .      Faith    .    c - +0 buckler
rNeg    + . .      Spirit   .    B - +3 scale mail {rF+}
rPois   ∞          Reflect  .    x - +0 helmet
rElec   +          Rampage  .    a - +0 cloak
rCorr   +                        w - +0 pair of gloves
Will    .....                    (no boots) Stlth
                                 (no amulet)
HPRegen 0.31/turn                j - +4 ring of protection
MPRegen 0.12/turn                v - +6 ring of intelligence

@: brilliant, resistant, slowed, very slow
A: sickness immunity, AC +7, negative energy resistance 1, electricity
resistance, torment resistance 1, petrification resistance
a: Renounce Religion, Heroism


You were on level 1 of the Abyss.
You worshipped Okawaru.
Okawaru was most pleased with you.
You visited 2 branches of the dungeon, and saw 9 of its levels.
You visited the Abyss 1 time.
You also visited: Sewer and Bailey.

You collected 501 gold pieces.

Inventory:

Hand Weapons
 p - a +0 morningstar
 t - a +2 vampiric flail (weapon)
Missiles
 r - 2 throwing nets
 y - 24 poisoned darts (quivered)
 A - 2 curare-tipped darts
Armour
 a - a +0 cloak (worn)
 c - a +0 buckler (worn)
 w - a +0 pair of gloves (worn)
 x - a +0 helmet (worn)
 B - a +3 scale mail of fire resistance (worn)
Jewellery
 j - a +4 ring of protection (left hand)
 v - a +6 ring of intelligence (right hand)
Wands
 e - a wand of flame (18)
 m - a wand of light (6)
Scrolls
 q - a scroll of enchant weapon
Potions
 b - 2 potions of brilliance
 d - 2 potions of might
 f - a potion of mutation
 h - 4 potions of flight
 l - 2 potions of heal wounds
 n - a potion of cancellation
 s - a potion of magic
Miscellaneous
 z - a piece from Xom's chessboard (15/15)


   Skills:
 + Level 9.2 Fighting
 + Level 8.0 Maces & Flails
 + Level 9.2 Armour
 + Level 9.2 Shields


You had 9 spell levels left.
You didn't know any spells.
Your spell library contained the following spells:

 Spells                   Type           Power      Damage    Failure   Level
 Shock                    Conj/Air       0%         1d3       58%         1
 Swiftness                Air            0%         N/A       91%         3
 Airstrike                Air            0%         2d(0-16)  100%        4
 Petrify                  Tmut/Erth      0%         N/A       100%        4
 Irradiate                Conj/Tmut      0%         3d11      100%        5
 Sublimation of Blood     Necr           Unusable   N/A       N/A         2

Dungeon Overview and Level Annotations

Branches:
Dungeon (8/15)             Temple (1/1) D:6           Sewer (visited)
 Bailey (visited)
   Lair: D:8-11

Altars:
Cheibriados
Okawaru
Qazlal
Ru
Uskayaw
Wu Jian
Xom
Zin

Shops:
D:5 ((

Annotations:
D:7 Psyche


Innate Abilities, Weirdness & Mutations

You are immune to sickness and miasma.
Your stone body is resilient. (AC +7)
You are immune to poison.
You resist negative energy. (rN+)
You are resistant to electric shocks. (rElec)
You are resistant to unholy torment.
You are immune to petrification.


Message History

The worldbinder calls forth creatures from the Swamp!
The swamp drake breathes poison at you.
The noxious blast engulfs the worldbinder but does no damage.
The deep elf zephyrmancer is engulfed in noxious fumes.
You hit the worldbinder.
The worldbinder is almost destroyed.
The swamp drake disappears in a puff of smoke!
The worldbinder hits you but does no damage. x2
The bog body casts a spell at you.
You feel yourself slow down.
The deep elf knight is engulfed in noxious fumes.
The deep elf knight appears confused.
The bog body touches you but does no damage.
The deep elf zephyrmancer is engulfed in noxious fumes.
The deep elf zephyrmancer appears confused.
The worldbinder hits you but does no damage. x2
You completely miss the worldbinder.
The worldbinder is almost destroyed.
The deep elf zephyrmancer disappears in a puff of smoke!
The worldbinder hits you but does no damage. x2
The worldbinder calls forth creatures from the Elven Halls!
The bog body touches you but does no damage.
The deep elf knight is engulfed in noxious fumes.
The deep elf knight appears confused.
The bog body touches you! The bog body freezes you! You resist.
* * * LOW HITPOINT WARNING * * *
The worldbinder hits you but does no damage. x2
A rakshasa comes into view. It is wielding a +0 whip.
You hit the worldbinder.
The worldbinder is almost destroyed.
The deep elf pyromancer disappears in a puff of smoke!
The deep elf knight disappears in a puff of smoke!
The worldbinder hits you.
* * * LOW HITPOINT WARNING * * *
The worldbinder barely misses you.
A daeva comes into view.
It is wielding a +3 scimitar of holy wrath.
The bog body barely misses you. The bog body touches you!
* * * LOW HITPOINT WARNING * * *
The bog body freezes you! You resist.
You die...

# #.# #
#..#.#
......#
§..R..
###x§...F.
##nn#
#@x##
#n### ..#
..#. #§ .
.. A. . ##


You could see a daeva (wandering), a rakshasa, 2 worldbinders and 3 bog bodies.

Vanquished Creatures
  A two-headed ogre (D:7)
  A cyclops (D:7)
  A shadow (D:5)
  A ynoxinul (Abyss:1)
  A wyvern (D:7)
  A yak (D:7)
  A steam dragon (D:7)
  Menkaure (D:3)
  A water moccasin (D:7)
  An orc warrior (Bailey)
  2 ice beasts
  A black bear (D:6)
  4 sky beasts
  3 ogres
  A centaur (D:6)
  4 phantoms
  7 kobold brigands (Bailey)
  4 bullfrogs
  3 scorpions
  5 wights
  A jelly (D:5)
  4 hounds
  2 orc priests
  Crazy Yiuf (D:5)
  A gnoll bouda (D:7)
  5 iguanas
  3 sleepcaps
  Natasha (thrice) (D:3)
  5 orc wizards
  10 gnolls
  2 river rats (Sewer)
  12 adders
  A shadow imp (D:7)
  2 white imps
  2 ufetubi (D:6)
  2 worms (D:3)
  3 dart slugs
  23 orcs
  5 endoplasms
  A giant cockroach (D:2)
  7 goblins
  6 hobgoblins
  7 jackals
  16 kobolds
  4 quokkas
  12 ball pythons
  6 bats
  8 frilled lizards
  11 rats
209 creatures vanquished.

Vanquished Creatures (others)
  11 plants
11 creatures vanquished.

Grand Total: 220 creatures vanquished

Notes
Turn   | Place    | Note
-------+----------+-------------------------------------------
     0 | D:1      | Dittersdorf the Gargoyle Fighter began the quest for the
                  | Orb.
     0 | D:1      | Reached XP level 1. HP: 14/14 MP: 1/1
    61 | D:1      | Reached XP level 2. HP: 17/19 MP: 2/2
   757 | D:1      | Reached XP level 3. HP: 24/24 MP: 3/3
  1634 | D:2      | Found a faded altar of an unknown god.
  1916 | D:2      | Reached XP level 4. HP: 25/29 MP: 4/4
  2180 | D:3      | Noticed a scorpion
  2189 | D:3      | Killed a scorpion
  2190 | D:3      | Reached XP level 5. HP: 31/34 MP: 5/5
  2243 | D:3      | Noticed Natasha
  2272 | D:3      | Killed Natasha
  2365 | D:3      | Noticed an ogre
  2372 | D:3      | Killed an ogre
  2373 | D:3      | Reached XP level 6. HP: 8/39 MP: 6/6
  2479 | D:3      | Found a glowing drain.
  2483 | Sewer    | Entered a sewer
  3060 | D:3      | Reached skill level 5 in Shields
  3207 | D:4      | Upgraded the game from 0.30-a0-949-g53dc5368d7 to
                  | 0.30-a0-953-g5f1da4a474
  3209 | D:4      | Noticed Menkaure
  3222 | D:3      | Killed Menkaure
  3223 | D:3      | Reached skill level 5 in Fighting
  3223 | D:3      | Reached skill level 5 in Armour
  3223 | D:3      | Reached XP level 7. HP: 24/44 MP: 7/7
  4185 | D:5      | Entered Level 5 of the Dungeon
  4367 | D:5      | Reached XP level 8. HP: 51/51 MP: 8/8
  4418 | D:5      | Noticed a shadow
  4430 | D:5      | Killed a shadow
  4431 | D:5      | Reached skill level 5 in Maces & Flails
  5055 | D:3      | Noticed Natasha
  5060 | D:3      | Killed Natasha
  5250 | D:3      | Noticed Natasha
  5255 | D:3      | Killed Natasha
  6017 | D:5      | Found Geti's Weapon Shoppe.
  6249 | D:5      | Found Danigip's Weapon Emporium.
  6433 | D:5      | Found a runed translucent door.
  6434 | D:5      | Noticed Crazy Yiuf
  6442 | D:5      | Killed Crazy Yiuf
  6443 | D:5      | Reached XP level 9. HP: 56/56 MP: 9/9
  7002 | D:6      | Found a staircase to the Ecumenical Temple.
  7008 | Temple   | Entered the Ecumenical Temple
  7016 | Temple   | Became a worshipper of Warmaster Okawaru
  7117 | D:6      | Found a shimmering altar of Xom.
  7117 | D:6      | Found an ornate altar of the Wu Jian Council.
  7539 | D:7      | Noticed a two-headed ogre
  7636 | D:7      | Reached * piety under Okawaru
  7780 | D:7      | Killed a two-headed ogre
  7781 | D:7      | Reached XP level 10. HP: 25/65 MP: 10/10
  7843 | D:7      | Found a sacrificial altar of Ru.
  7897 | D:7      | Found a flagged portal.
  7907 | Bailey   | Entered a bailey
  8068 | Bailey   | Reached ** piety under Okawaru
  8128 | Bailey   | Found a burning altar of Makhleb.
  8553 | D:8      | Noticed Psyche
  8613 | D:7      | a yak changed into a cyclops
  8613 | D:7      | Noticed a cyclops
  8621 | D:7      | Killed a cyclops
  8621 | D:7      | Reached *** piety under Okawaru
  8629 | Abyss:1  | Cast into level 1 of the Abyss (Psyche)
  8720 | Abyss:1  | Noticed a worldbinder
  8729 | Abyss:1  | Noticed a bog body
  8729 | Abyss:1  | Noticed a goliath frog
  8730 | Abyss:1  | Noticed a bog body
  8737 | Abyss:1  | Noticed a goliath frog
  8741 | Abyss:1  | Noticed a bog body
  8741 | Abyss:1  | Noticed a goliath frog
  8753 | Abyss:1  | Noticed a goliath frog
  8754 | Abyss:1  | Noticed a bog body
  8754 | Abyss:1  | Noticed a bog body
  8767 | Abyss:1  | Noticed a worldbinder
  8768 | Abyss:1  | Noticed a bog body
  8769 | Abyss:1  | Noticed a deep elf pyromancer
  8770 | Abyss:1  | Noticed a bog body
  8770 | Abyss:1  | Noticed a deep elf knight
  8771 | Abyss:1  | Noticed a deep elf zephyrmancer
  8772 | Abyss:1  | Noticed a deep elf pyromancer
  8776 | Abyss:1  | Noticed a bog body
  8776 | Abyss:1  | Noticed a bog body
  8777 | Abyss:1  | Noticed a rakshasa
  8778 | Abyss:1  | Noticed a daeva
  8778 | Abyss:1  | Mangled by a bog body

Illustrated notes

Levels and vault maps discovered:
D:1:      dpeg_arrival_short_road, layout_loops_corners, serial_bayou,
          serial_bayou_crossing, serial_bayou_pond_e, serial_bayou_lagoon_a,
          serial_bayou_pond_b, minmay_shallow_snake_nest
D:2:      layout_loops_corners, hellmonk_ecumenical_altar_heavens_door
D:3:      layout_basic, gup_sewer_entry_spiral, uniq_natasha
D:4:      layout_cave_pods, uniq_menkaure
D:5:      layout_loops_ring, serial_shops, shop_statue,
          nicolae_shop_bloodbath_and_beyond, uniq_crazy_yiuf_cottage
D:6:      layout_cave_pods, gammafunk_temple_overflow_wave,
          minmay_temple_entry_statues_pillars, kennysheep_small_circle
D:7:      layout_cave_pools, lemuel_round_altar, enter_bailey_2,
          hangedman_decor_opposing
D:8:      layout_basic, uniq_psyche
Temple:   nicolae_temple_bog_church
Abyss:1:  base: D:6, hangedman_glass_garden

Skill      XL: |  1  2  3  4  5  6  7  8  9 10 |
---------------+-------------------------------+-----
Fighting       | 4 5 6 8 9 |  9.2
Armour         | 4 5 6 8 9 |  9.2
Shields        | 4 5 6 8 9 |  9.2
Maces & Flails | 3 4 5 7 8 |  8.0

Action                     |  1- 3 |  4- 6 |  7- 9 | 10-12 || total
---------------------------+-------+-------+-------+-------++-------
  Melee: Flail             |   175 |   252 |   438 |   194 ||  1059
 Invoke: Heroism           |       |       |       |     1 ||     1
    Use: Scroll            |       |    10 |    10 |     4 ||    24
         Potion            |       |       |       |     7 ||     7
 Armour: Scale mail        |    69 |       |       |   142 ||   211
         Chain mail        |    25 |   210 |   340 |    88 ||   663
  Dodge: Dodged            |    82 |   112 |   210 |   145 ||   549
  Block: Buckler           |    37 |    57 |   127 |    86 ||   307

Table legend: (Time is in decaauts)
 A = Elapsed time spent in this place.
 B = Non-inter-level travel time spent in this place.
 C = Inter-level travel time spent in this place.
 D = Time resting spent in this place.
 E = Time spent auto-exploring this place.
 F = Levels seen in this place.
 G = Mean time per level.
                   A        B        C        D        E       F      G
               +--------+--------+--------+--------+--------+-----+--------+
         Total |   9134 |   8548 |    586 |    812 |   4968 |  12 |  761.2 |
       Dungeon |   8131 |   7553 |    578 |    745 |   4577 |   8 | 1016.4 |
        Temple |     13 |      5 |      8 |      0 |      2 |   1 |   13.0 |
         Abyss |    149 |    149 |      0 |     64 |      0 |   1 |  149.0 |
         Sewer |    578 |    578 |      0 |      0 |    371 |   1 |  578.0 |
        Bailey |    260 |    260 |      0 |      3 |     17 |   1 |  260.0 |
               +--------+--------+--------+--------+--------+-----+--------+

Top non-repeatable levels by time:
     D:3: 1673 daAuts
     D:5: 1363 daAuts
     D:4: 1176 daAuts
     D:1: 1171 daAuts
     D:6: 1024 daAuts
     D:2: 957 daAuts
     D:7: 757 daAuts
   Sewer: 578 daAuts
  Bailey: 260 daAuts
 Abyss:1: 149 daAuts
  Temple: 13 daAuts
     D:8: 6 daAuts
